 Dungeon Crawl Stone Soup version 0.31-a0-271-gb88eb75e06 (webtiles) character file.

Game seed: 7926892372709917580

41 BootchMan the Trooper (level 3, -3/27 (29) HPs)
             Began as a Human Chaos Knight on July 14, 2023.
             Was a Plaything of Xom.
             Shot with a sling bullet by a goblin (6 damage)
             ... on level 2 of the Dungeon.
             The game lasted 00:11:20 (1234 turns).

BootchMan the Trooper (Human Chaos Knight)          Turns: 1234, Time: 00:11:20

HP:   -3/27 (29)    AC:  5    Str: 20    XL:     3   Next: 75%
MP:   3/3           EV: 11    Int: 12    God:    Xom [..*...]
Gold: 52            SH:  0    Dex: 12    Spells: 2/2 levels left

rFire   . . .        a - +1 falchion (chaos)
rCold   . . .        (no shield)
rNeg    . . .        b - +2 leather armour
rPois   .            (no helmet)
rElec   .            (no cloak)
rCorr   .            (no gloves)
SInv    .            (no boots)
Will    .....        (no amulet)
Stlth   +            h - +6 ring of strength
HPRegen 0.24/turn    (no ring)
MPRegen 0.08/turn

%: no passive effects
@: drained
A: mutation resistance 1, sturdy frame 1
a: Renounce Religion


You were on level 2 of the Dungeon.
You worshipped Xom.
You were a toy of Xom.
You visited 1 branch of the dungeon, and saw 2 of its levels.

You collected 52 gold pieces.

Inventory:

Hand Weapons
 a - a +1 falchion of chaos (weapon)
 d - a +0 club
Missiles
 m - 4 poisoned darts (quivered)
Armour
 b - a +2 leather armour (worn)
 i - a +0 leather armour
 l - a +0 ring mail
Jewellery
 h - a +6 ring of strength (left hand)
Scrolls
 k - a scroll of vulnerability
Potions
 e - a potion of haste
Miscellaneous
 c - a piece from Xom's chessboard (15/15)


   Skills:
 + Level 3.6 Fighting
 + Level 3.6 Long Blades
 + Level 2.2 Armour
 + Level 1.2 Dodging


You had 2 spell levels left.
You didn't know any spells.
Your spell library contained the following spells:

 Spells                   Type           Power      Damage    Failure   Level
 Apportation              Tloc           0%         N/A       34%         1
 Necrotise                Necr           0%         1d4       34%         1
 Summon Small Mammal      Summ           0%         N/A       34%         1


Dungeon Overview and Level Annotations

Branches:
Dungeon (2/15)

Altars:


Innate Abilities, Weirdness & Mutations

You are somewhat resistant to further mutation.
Your movements are slightly less encumbered by armour. (ER -2)


Message History

A kobold comes into view. It is wielding a +0 whip.
The kobold shouts!
As you read the scroll labelled BIC TOSOCLUUST, it crumbles to dust.
It is a scroll of identify.
k - a scroll of vulnerability A worm and a bat come into view.
The worm moves out of view.
You are too injured to fight recklessly!
You are too injured to fight recklessly!
You hit the bat.
You kill the bat!
Found a scroll of enchant weapon and 6 poisoned darts.
Found 11 gold pieces.
Your extra speed is starting to run out.
Found a stone staircase leading down.
An endoplasm comes into view.
The endoplasm quivers.
Found an escape hatch in the ceiling.
You see here a scroll of enchant weapon.
A goblin comes into view. It is wielding a +0 dagger.
You feel yourself slow down.
The goblin shouts!
The goblin unwields a +0 dagger.
The goblin wields a +2 sling of draining.
You sense an unholy aura.
The goblin shoots a sling bullet.
The sling bullet hits you.
* * * LOW HITPOINT WARNING * * *
You feel drained.
* * * LOW HITPOINT WARNING * * *
The goblin shoots a sling bullet.
The sling bullet barely misses you.
You open the door.
The goblin shoots a sling bullet.
The sling bullet hits you.
* * * LOW HITPOINT WARNING * * *
You feel drained.
* * * LOW HITPOINT WARNING * * *
The goblin shoots a sling bullet.
The sling bullet barely misses you.
There is an open door here.
You slash the endoplasm!
You kill the endoplasm!
The goblin shoots a sling bullet.
The sling bullet hits you.
You die...

.....................##.
..######+##.....?.......
.†..K............###.g..
.........#....#.........
##.##....#(...#.........
.........#..............
.........#.....K........
.....#+###.....#'##.....
...... #.....#@# .....
....... ##....#..+.....
+.....#### .... . ##.#.
+## ... #. ...# ..## ...


You could see a goblin and a kobold.

Vanquished Creatures
  An adder (D:2)
  A dart slug (D:1)
  3 bats
  3 endoplasms
  5 goblins (D:1)
  2 hobgoblins (D:1)
  3 jackals (D:1)
  2 kobolds (D:1)
  A quokka (D:1)
  A ball python (D:1)
  2 frilled lizards (D:1)
  3 rats (D:1)
27 creatures vanquished.

Vanquished Creatures (collateral kills)
  An endoplasm (D:1)
1 creature vanquished.

Grand Total: 28 creatures vanquished

Notes
Turn   | Place    | Note
-------+----------+-------------------------------------------
     0 | D:1      | BootchMan the Human Chaos Knight began the quest for the
                  | Orb.
     0 | D:1      | Reached XP level 1. HP: 18/18 MP: 1/1
    50 | D:1      | Reached XP level 2. HP: 24/24 MP: 2/2
   102 | D:1      | XOM: silly message
   103 | D:1      | XOM: silly message
   156 | D:1      | XOM: divination: detect creatures
   273 | D:1      | XOM: divination: detect items
   590 | D:1      | Reached XP level 3. HP: 29/29 MP: 3/3
  1166 | D:2      | XOM: confuse monster(s)
  1172 | D:2      | XOM: smoke on damage
  1188 | D:2      | Gained mutation: Your movements are slightly less
                  | encumbered by armour. (ER -2) [potion of mutation]
  1188 | D:2      | Gained mutation: You are somewhat resistant to further
                  | mutation. [potion of mutation]
  1234 | D:2      | Shot with a sling bullet by a goblin

Illustrated notes

Levels and vault maps discovered:
D:1:      dpeg_arrival_central, layout_loops_ring, serial_forest,
          infiniplex_forest_straight_2, infiniplex_forest_clump_cross,
          infiniplex_forest_clump_diagonal, infiniplex_forest_clump_small,
          infiniplex_forest_zigzag_1, infiniplex_forest_clump_C,
          infiniplex_forest_straight_2, infiniplex_forest_lined_3,
          infiniplex_forest_lined_2, infiniplex_forest_clump_C, minmay_domino_2
D:2:      layout_basic

Action                     || total
---------------------------++-------
  Melee: Falchion          ||    92
         Punch             ||     1
    Use: Scroll            ||     3
         Potion            ||     2
   Stab: Paralysed         ||     1
 Armour: Leather armour    ||    42
  Dodge: Dodged            ||    55

Table legend: (Time is in decaauts)
 A = Elapsed time spent in this place.
 B = Non-inter-level travel time spent in this place.
 C = Inter-level travel time spent in this place.
 D = Time resting spent in this place.
 E = Time spent auto-exploring this place.
 F = Levels seen in this place.
 G = Mean time per level.
                   A        B        C        D        E       F      G
               +--------+--------+--------+--------+--------+-----+--------+
         Total |   1232 |   1012 |    220 |      0 |    747 |   2 |  616.0 |
       Dungeon |   1232 |   1012 |    220 |      0 |    747 |   2 |  616.0 |
               +--------+--------+--------+--------+--------+-----+--------+

Top non-repeatable levels by time:
     D:1: 1154 daAuts
     D:2: 78 daAuts
